 Dungeon Crawl Stone Soup version 0.22-a0-456-g11ed031 (webtiles) character file.

123 DrEnzyme the Sneak (level 5, -2/33 HPs)
             Began as an Octopode Wanderer on June 6, 2018.
             Hit by a tomahawk thrown by an orc (7 damage)
             ... on level 3 of the Dungeon.
             The game lasted 00:05:15 (2109 turns).

DrEnzyme the Sneak (Octopode Wanderer)              Turns: 2109, Time: 00:05:16

Health: -2/33      AC:  1    Str:  9    XL:     5   Next: 7%
Magic:  9/9        EV: 13    Int: 14    God:
Gold:   82         SH:  0    Dex: 15    Spells: 10/10 levels left

rFire    x . .     SeeInvis .   b - +0 falchion
rCold    + . .     Gourm    .   (no shield)
rNeg     . . .     Faith    .   (helmet restricted)
rPois    .         Spirit   .   (no amulet)
rElec    .         Reflect  .   o - ring of stealth
rCorr    .         Harm     .   l - ring of ice
MR       .....                  (no ring)
Stlth    +++++.....             (no ring)
HPRegen  0.11/turn              (no ring)
MPRegen  0.11/turn              (no ring)
                                (no ring)
                                (no ring)

@: no status effects
A: almost no armour, stealthy swim, amphibious, 8 rings, constrict 8, camouflage
1, gelatinous body 1
a: no special abilities


You were on level 3 of the Dungeon.
You were not hungry.

You visited 1 branch of the dungeon, and saw 3 of its levels.

You collected 82 gold pieces.

Inventory:

Hand Weapons
 b - a +0 falchion (weapon)
Jewellery
 i - an uncursed ring of fire
 l - a ring of ice (right tentacle)
 o - a ring of stealth (left tentacle)
Scrolls
 a - a scroll of fog {unknown}
 e - a scroll of magic mapping
 g - a scroll of enchant armour
 h - a scroll of amnesia {unknown}
 k - a scroll of blinking
Potions
 c - 2 potions of curing
 f - 2 potions of magic
 j - a potion of might {unknown}
 m - a potion of ambrosia {unknown}
Comestibles
 d - a ration
 n - 2 chunks of flesh


   Skills:
 - Level 1.0 Fighting
   Level 1.0(2.2) Short Blades
 * Level 3.1(3.2) Long Blades
 - Level 1.0 Dodging
 * Level 4.7 Stealth
   Level 1.0 Shields
 - Level 3.0 Spellcasting
   Level 1.0 Summonings
   Level 1.0 Translocations


You had 10 spell levels left.
You didn't know any spells.
Your spell library contained the following spells:

 Spells                   Type           Power        Failure   Level  Hunger
 Magic Dart               Conj           #...         22%         1    #......
 Conjure Flame            Conj/Fire      #.......     54%         3    ###....
 Slow                     Hex            #.......     32%         2    ##.....
 Mephitic Cloud           Conj/Pois/Air  #.......     54%         3    ###....
 Blink                    Tloc           N/A          22%         2    ##.....
 Call Imp                 Summ           #.......     22%         2    ##.....


Dungeon Overview and Level Annotations

Branches:
Dungeon (3/15)

Altars:
Sif Muna


Innate Abilities, Weirdness & Mutations

You cannot wear most types of armour.
You are very stealthy in the water. (Stealth+)
You are amphibious.
You can wear up to eight rings at the same time.
You can use your tentacles to constrict eight enemies at once.
Your skin changes colour to match your surroundings (Stealth+).
Your rubbery body absorbs attacks. (AC +1, EV +1)


Message History

You kill the orc!
Something hits you.
You closely miss something.
An orc wizard appears from thin air!
Reactivating autopickup.
The orc wizard barely misses you.
You hit the orc wizard. You grab the orc wizard.
The orc wizard is almost dead.
You constrict the orc wizard, but do no damage.
The orc wizard hits you with a dagger.
You hit the orc wizard but do no damage.
The orc wizard is almost dead.
You constrict the orc wizard. The orc wizard hits you with a dagger.
* * * LOW HITPOINT WARNING * * *
You hit the orc wizard.
You kill the orc wizard!
Your Long Blades skill increases to level 3!
You have reached level 5!
You feel clever.
The orc throws a tomahawk.
The tomahawk hits you!
You die...

########.# #
#.# # #.# #
#.# ### #.#
..# #.# ..#
#.# ..#
#.###########
..#
#........@)o#
###
###########o#
# #)# # #o# #
#.# # #o# #
#.#
##########
#.#
...>......
...


You could see 2 orcs.

Vanquished Creatures
  An orc priest (D:3)
  An orc wizard (D:3)
  2 adders
  A worm (D:2)
  2 dart slugs
  An orc (D:3)
  5 bats
  14 giant cockroaches
  2 goblins
  4 hobgoblins
  A ball python (D:2)
  2 frilled lizards (D:1)
  4 kobolds (D:1)
  4 rats
44 creatures vanquished.

Notes
Turn   | Place    | Note
-------+----------+-------------------------------------------
     0 | D:1      | DrEnzyme the Octopode Wanderer began the quest for the Orb.
     0 | D:1      | DrEnzyme set off with: a +0 falchion, a potion of curing, a ration
     0 | D:1      | Reached XP level 1. HP: 13/13 MP: 4/4
   131 | D:1      | Reached skill level 2 in Stealth
   178 | D:1      | Reached XP level 2. HP: 16/18 MP: 6/6
   198 | D:1      | Reached skill level 1 in Long Blades
   476 | D:1      | Reached skill level 3 in Stealth
   759 | D:2      | Reached XP level 3. HP: 23/23 MP: 7/7
  1454 | D:2      | Reached skill level 4 in Stealth
  1730 | D:2      | Reached XP level 4. HP: 28/28 MP: 8/8
  1914 | D:3      | Found a deep blue altar of Sif Muna.
  2109 | D:3      | Reached XP level 5. HP: 4/33 MP: 9/9
  2109 | D:3      | Hit by a tomahawk thrown by an orc

Vault maps used:
D:1:      minmay_arrival_radiant_lines
D:2:      minmay_roachtagon
D:3:      lemuel_blue_sif_altar, uniq_sigmund, uniq_jessica, uniq_natasha

Skill      XL: |  1  2  3  4 |
---------------+-------------+-----
Stealth        | 2 3 4 |  4.7
Long Blades    | 1 2 3 |  3.1
Fighting       | |  1.0
Short Blades   | |  1.0
Dodging        | |  1.0
Shields        | |  1.0
Spellcasting   | |  3.0
Summonings     | |  1.0
Translocations | |  1.0

Action                   |  1- 3 |  4- 6 || total
-------------------------+-------+-------++-------
Melee: Falchion          |    74 |    23 ||    97
       Constrict         |    25 |     6 ||    31
       Tentacles         |    17 |     3 ||    20
  Use: Scroll            |     4 |       ||     4
       Potion            |     1 |       ||     1
 Stab: Sleeping          |    14 |     1 ||    15
  Eat: Ration            |     1 |       ||     1
Armor: Skin              |     9 |     1 ||    10
Dodge: Dodged            |    60 |    12 ||    72
       Rpst.: Falchion   |    12 |     1 ||    13

Table legend:
 A = Spawn XP
 B = Non-spawn XP
 C = Spawn XP percentage of total XP
 D = Spawn monster count
 E = Non-spawn monster count
 F = Spawn count percentage of total count
 G = Total turns spent on level
                    A         B        C        D         E        F      G
               +---------+---------+-------+---------+---------+-------+---------
         Total |       0 |     177 |   0.0 |       0 |      44 |   0.0 |  2109
               +---------+---------+-------+---------+---------+-------+---------
           D:1 |       0 |      30 |   0.0 |       0 |      18 |   0.0 |   753
           D:2 |       0 |      53 |   0.0 |       0 |      20 |   0.0 |  1104
           D:3 |       0 |      94 |   0.0 |       0 |       6 |   0.0 |   252
               +---------+---------+-------+---------+---------+-------+---------
